 Dungeon Crawl Stone Soup version 0.30-a0-778-g2ef04afb54 (webtiles) character file.

Game seed: 6337308291614341640

739 sircluck the Covered (level 7, 0/61 HPs)
             Began as a Minotaur Fighter on Feb 15, 2023.
             Slain by an orc
             ... wielding a +0 hand axe
              (3 damage)
             ... on level 4 of the Dungeon.
             The game lasted 00:07:26 (3564 turns).

sircluck the Covered (Minotaur Fighter)             Turns: 3564, Time: 00:07:27

Health: 0/61       AC:  7    Str: 23    XL:     7   Next: 46%
Magic:  6/6        EV: 10    Int:  5    God:
Gold:   125        SH:  4    Dex:  9    Spells: 6/6 levels left

rFire   . . .      SeeInvis .    B - +4 flail
rCold   . . .      Faith    .    b - +0 buckler
rNeg    . . .      Spirit   .    a - +0 scale mail
rPois   .          Reflect  .    (helmet restricted)
rElec   .          Harm     .    (no cloak)
rCorr   .          Rampage  .    (no gloves)
Will    .....                    (no boots) Stlth
                                 (no amulet)
HPRegen 0.30/turn                (no ring)
MPRegen 0.10/turn                (no ring)

@: no status effects
A: horns 2, retaliatory headbutt
a: no special abilities


You were on level 4 of the Dungeon.
You visited 1 branch of the dungeon, and saw 4 of its levels.

You collected 125 gold pieces.

Inventory:

Hand Weapons
 i - a +0 dagger
 j - a +0 whip
 k - a +0 short sword
 n - a +0 quarterstaff
 o - a +0 spear
 r - a +0 short sword
 z - a +2 dagger of electrocution
 B - a +4 flail (weapon)
Missiles
 d - a throwing net (quivered)
 m - 39 stones
 s - 4 poisoned darts
 A - 3 boomerangs of dispersal
Armour
 a - a +0 scale mail (worn)
 b - a +0 buckler (worn)
Jewellery
 q - a +5 ring of evasion
 y - an amulet of regeneration
Scrolls
 e - a scroll of poison
 g - 7 scrolls of identify
 t - a scroll of vulnerability {unknown}
 w - a scroll of noise {unknown}
 x - 2 scrolls of enchant weapon {unknown}
Potions
 c - a potion of might
 f - 2 potions of invisibility {unknown}
 h - a potion of berserk rage {unknown}
 l - 2 potions of attraction {unknown}
 p - a potion of flight {unknown}
 u - a potion of cancellation {unknown}
 v - a potion of degeneration {unknown}


   Skills:
 + Level 5.2 Fighting
 + Level 4.1 Maces & Flails
 + Level 6.7 Armour
 + Level 2.3 Dodging
 + Level 0.4 Stealth
 + Level 4.8 Shields
 + Level 3.7 Unarmed Combat


You had 6 spell levels left.
You didn't know any spells.
Your spell library contained the following spells:

 Spells                   Type           Power      Damage    Failure   Level
 Blink                    Tloc           0%         N/A       94%         2
 Lesser Beckoning         Tloc           0%         N/A       94%         2
 Momentum Strike          Conj/Tloc      0%         3d8       94%         2
 Gell's Gravitas          Tloc           0%         N/A       99%         3
 Teleport Other           Tloc           0%         N/A       99%         3


Dungeon Overview and Level Annotations

Branches:
Dungeon (4/15)             Temple (0/1) D:4

Altars:
Gozag
Makhleb
Vehumet

Shops:
D:1 *


Innate Abilities, Weirdness & Mutations

You have a pair of horns on your head.
You reflexively headbutt those who attack you in melee.


Message History

The orc wizard casts a spell at you. The magic dart hits you.
The orc hits you but does no damage. The orc barely misses you.
You bump into the rock wall.
The orc wizard hits you but does no damage.
The orc hits you with a +0 dagger. The orc hits you with a +0 hand axe.
* * * LOW HITPOINT WARNING * * *
You bump into the rock wall.
The orc hits you with a +0 hand axe.
* * * LOW HITPOINT WARNING * * *
The orc barely misses you.
The orc wizard hits you but does no damage.
You closely miss the orc.
The orc wizard hits you but does no damage.
The orc misses you. The orc barely misses you. The orc closely misses you.
The orc wizard misses you. The orc hits you but does no damage.
You barely miss the orc wizard. You headbutt the orc wizard.
The orc wizard is lightly wounded.
The orc wizard closely misses you. The orc hits you but does no damage.
The orc misses you.
You sock the orc!
You kill the orc!
The orc wizard hits you but does no damage.
The orc hits you but does no damage.
You bump into the rock wall.
The orc wizard hits you with a +0 dagger.
* * * LOW HITPOINT WARNING * * *
The orc hits you but does no damage.
You are too injured to fight recklessly!
The orc attacks as you move away! The orc barely misses you.
The orc wizard casts a spell at you. The magic dart hits you.
* * * LOW HITPOINT WARNING * * *
You bump into the rock wall.
The orc misses you.
The orc wizard hits you but does no damage.
You bump into the rock wall.
You feel less confused.
The orc wizard hits you with a +0 dagger.
* * * LOW HITPOINT WARNING * * *
The orc hits you with a +0 hand axe.
You die...

#.############# #.# #....
#.# #.... #.# #.... #.#
#.... #.####### ###....
#.#.....######
.......#####.#..........##
........o@......##...##...
>.....).o)......##...##.##
...##########.#.........##
#.#....>.....#
#.#...........
#.#.##...##.#.
#.#.##...##...
#.............
#########....


You could see an orc wizard and an orc.

Vanquished Creatures
  Grinder (D:3)
  Eustachio (D:4)
  A scorpion (D:4)
  A crimson imp (D:3)
  3 orc priests
  Jessica (D:3)
  An iguana (D:4)
  Terence (D:3)
  2 adders
  3 gnolls (D:4)
  5 dart slugs
  15 orcs
  5 endoplasms
  4 giant cockroaches
  6 goblins
  5 hobgoblins
  2 jackals (D:3)
  6 kobolds
  2 quokkas (D:3)
  6 ball pythons
  7 bats
  4 frilled lizards
  2 rats (D:1)
84 creatures vanquished.

Vanquished Creatures (others)
  3 fungi (D:2)
  3 plants (D:2)
6 creatures vanquished.

Grand Total: 90 creatures vanquished

Notes
Turn   | Place    | Note
-------+----------+-------------------------------------------
     0 | D:1      | sircluck the Minotaur Fighter began the quest for the Orb.
     0 | D:1      | Reached XP level 1. HP: 19/19 MP: 0/0
    48 | D:1      | Found Ycaedyat's Assorted Antiques.
   254 | D:1      | Reached skill level 4 in Armour
   307 | D:1      | Reached XP level 2. HP: 23/27 MP: 1/1
   827 | D:1      | Reached XP level 3. HP: 32/33 MP: 2/2
  1045 | D:2      | Found a faded altar of an unknown god.
  1721 | D:3      | Noticed Grinder
  1734 | D:3      | Killed Grinder
  1735 | D:3      | Reached skill level 5 in Armour
  1735 | D:3      | Reached skill level 1 in Dodging
  1735 | D:3      | Reached XP level 4. HP: 36/40 MP: 3/3
  1735 | D:3      | Reached XP level 5. HP: 42/46 MP: 4/4
  2187 | D:3      | Reached XP level 6. HP: 52/52 MP: 5/5
  2255 | D:3      | Noticed Terence
  2272 | D:3      | Killed Terence
  2477 | D:3      | Found a burning altar of Makhleb.
  2477 | D:3      | Found a radiant altar of Vehumet.
  2702 | D:3      | Found an opulent altar of Gozag.
  2785 | D:3      | Noticed Jessica
  2789 | D:3      | Killed Jessica
  2790 | D:3      | Reached skill level 6 in Armour
  3235 | D:4      | Found a staircase to the Ecumenical Temple.
  3236 | D:4      | Noticed Eustachio
  3249 | D:4      | Reached XP level 7. HP: 42/60 MP: 6/6
  3263 | D:4      | Killed Eustachio
  3549 | D:4      | Reached skill level 5 in Fighting
  3564 | D:4      | HP: 3/61 [orc wizard/+0 dagger (3)]
  3564 | D:4      | Slain by an orc

Illustrated notes

Levels and vault maps discovered:
D:1:      amcnicky_arrival_choice, layout_basic, serial_shops, shop,
          corexii_corridor_pit
D:2:      layout_rooms, serial_corexii_hall, corexii_hall_statues_l,
          corexii_hall_statues_i, corexii_hall_statues_u,
          chequers_hall_statues_y, dreamdust_ecumenical_altar_grove
D:3:      layout_loops_corners, grunt_temple_overflow_lords_of_destruction,
          mainiacjoe_overflow_alcove_1, uniq_jessica, uniq_terence, uniq_grinder
D:4:      minmay_door_path, layout_basic, fedhas_altar_fruit_tree,
          minmay_temple_entry_stoned_glass, uniq_eustachio

Skill      XL: |  1  2  3  4  5  6  7 |
---------------+----------------------+-----
Armour         | 4 5 6 |  6.7
Shields        | 4 |  4.8
Unarmed Combat | 3 |  3.7
Fighting       | 4 5 |  5.2
Maces & Flails | 2 3 4 |  4.1
Dodging        | 1 2 |  2.3
Stealth        | |  0.4

Action                     |  1- 3 |  4- 6 |  7- 9 || total
---------------------------+-------+-------+-------++-------
  Melee: Unarmed           |    45 |       |       ||    45
         Headbutt          |    25 |    25 |     6 ||    56
         Whip              |    60 |   119 |       ||   179
         Flail             |       |     7 |    21 ||    28
    Use: Scroll            |       |     4 |       ||     4
         Potion            |       |     1 |       ||     1
 Armour: Scale mail        |    40 |    47 |    33 ||   120
  Dodge: Dodged            |    43 |    67 |    35 ||   145
  Block: Buckler           |    16 |    24 |     8 ||    48

Table legend: (Time is in decaauts)
 A = Elapsed time spent in this place.
 B = Non-inter-level travel time spent in this place.
 C = Inter-level travel time spent in this place.
 D = Time resting spent in this place.
 E = Time spent auto-exploring this place.
 F = Levels seen in this place.
 G = Mean time per level.
                   A        B        C        D        E       F      G
               +--------+--------+--------+--------+--------+-----+--------+
         Total |   3576 |   3417 |    159 |      0 |   2565 |   4 |  894.0 |
       Dungeon |   3576 |   3417 |    159 |      0 |   2565 |   4 |  894.0 |
               +--------+--------+--------+--------+--------+-----+--------+

Top non-repeatable levels by time:
     D:3: 1191 daAuts
     D:1: 1031 daAuts
     D:4: 683 daAuts
     D:2: 670 daAuts
